 Dungeon Crawl Stone Soup version 0.31-a0-774-g0d66cbabe8 (webtiles) character file.

Game seed: 7908715320318443566

149 Getoffmy the Caller (level 5, 0/47 HPs)
             Began as a Gnoll Wanderer on Sept 17, 2023.
             Slain by an orc wizard
             ... wielding a +0 dagger
              (2 damage)
             ... on level 6 of the Dungeon.
             The game lasted 00:08:25 (3077 turns).

Getoffmy the Caller (Gnoll Wanderer)                Turns: 3077, Time: 00:08:26

Health: 0/47       AC:  2    Str: 13    XL:     5   Next: 31%
Magic:  5/9        EV: 11    Int: 16    God:
Gold:   140        SH:  0    Dex:  7    Spells: 9/10 levels left

rFire   . . .        a - +1 spear
rCold   . . .        (no shield)
rNeg    . . .        c - +0 robe
rPois   .            (no helmet)
rElec   .            (no cloak)
rCorr   .            (no gloves)
SInv    .            (no boots)
Will    .....        (no amulet)
Stlth   +            (no ring)
HPRegen 0.27/turn    (no ring)
MPRegen 0.11/turn

%: no passive effects
@: no status effects
A: fangs 1, strong nose, distributed training
a: no special abilities


You were on level 6 of the Dungeon.
You visited 1 branch of the dungeon, and saw 5 of its levels.

You collected 140 gold pieces.

Inventory:

Hand Weapons
 a - a +1 spear (weapon)
 t - a +3 hand axe of freezing
 u - a +0 dagger of speed
Missiles
 i - 23 stones
Armour
 c - a +0 robe (worn)
 j - a +0 chain mail
 n - a +0 crystal plate armour
Magical Staves
 r - the staff "Mipluw" {rPois Int+3 Tmut Poison}
   (You found it on level 6 of the Dungeon)

   [staff of poison]

   Base accuracy: +5 Base damage: 5 Base attack delay: 1.2 This weapon's minimum
   attack delay (0.6) is reached at skill level 12.
   Int+3:     It affects your intelligence (+3).
   rPois:     It protects you from poison Tmut: It increases the power of your
   Transmutations spells.
   Poison:    It increases the power of your Poison spells.
   It falls into the 'Staves' category.
   It is a one-handed weapon.
Scrolls
 d - 2 scrolls of identify {unknown}
 e - 6 scrolls of teleportation {unknown}
 g - a scroll of summoning {unknown}
 k - a scroll of enchant armour {unknown}
 m - 2 scrolls of fear {unknown}
 p - a scroll of poison {unknown}
Potions
 b - a potion of invisibility
 f - 3 potions of curing {unknown}
 h - a potion of enlightenment {unknown}
 l - 3 potions of heal wounds {unknown}
 o - a potion of brilliance {unknown}
 q - a potion of lignification {unknown}
 s - a potion of might {unknown}


   Skills:
 + Level 6.7 Fighting
 + Level 1.4 Short Blades
 + Level 1.4 Long Blades
 + Level 1.4 Axes
 + Level 1.4 Maces & Flails
 + Level 3.0 Polearms
 + Level 1.4 Staves
 + Level 1.4 Ranged Weapons
 + Level 1.4 Throwing
 + Level 3.0 Armour
 + Level 1.4 Dodging
 + Level 1.4 Stealth
 + Level 1.4 Shields
 + Level 1.4 Unarmed Combat
 + Level 3.1 Spellcasting
 + Level 1.1 Conjurations
 + Level 1.1 Hexes
 + Level 7.2 Summonings
 + Level 1.1 Necromancy
 + Level 1.1 Translocations
 + Level 1.1 Transmutations
 + Level 1.1 Fire Magic
 + Level 1.1 Ice Magic
 + Level 1.1 Air Magic
 + Level 1.1 Earth Magic
 + Level 1.1 Poison Magic
 + Level 1.6 Invocations
 + Level 1.4 Evocations
 + Level 1.3 Shapeshifting


You had 9 spell levels left.
You knew the following spells:

 Your Spells              Type           Power      Damage    Failure   Level
a - Summon Small Mammal   Summ           100%       N/A       1%          1

Your spell library contained the following spells:

 Spells                   Type           Power      Damage    Failure   Level
 Apportation              Tloc           12%        N/A       12%         1
 Jinxbite                 Hex            12%        N/A       17%         2
 Animate Armour           Summ/Erth      30%        N/A       32%         4
 Summon Ice Beast         Ice/Summ       15%        N/A       32%         4
 Frozen Ramparts          Ice            12%        1d2       34%         3
 Petrify                  Tmut/Erth      6%         N/A       75%         4
 Alistair's Intoxication  Tmut/Pois      4%         N/A       97%         5
 Metabolic Englaciation   Hex/Ice        3%         N/A       97%         5


Dungeon Overview and Level Annotations

Branches:
Dungeon (7/15)
 Temple: D:4-7

Altars:

Annotations:
D:7 Joseph


Innate Abilities, Weirdness & Mutations

You have very sharp teeth.
Your uncanny sense of smell can sniff out nearby items.
Your experience applies equally to all skills.


Message History

You are too injured to fight recklessly!
Casting: Summon Small Mammal (safe; 1% risk of failure)
Confirm with . or Enter, or press ? or * to list all spells.
The orc closely misses your quokka.
Your quokka bites the orc but does no damage.
Something hits you.
Unknown command.
The orc hits your quokka with a +0 club.
Your quokka bites the orc.
The orc dies!
Something barely misses your bat.
Your bat closely misses something.
Casting: Summon Small Mammal (safe; 1% risk of failure)
Confirm with . or Enter, or press ? or * to list all spells.
Your quokka disappears in a puff of smoke!
Your bat hits something but does no damage.
You are too injured to fight recklessly!
You are too injured to fight recklessly!
You are too injured to fight recklessly!
You are too injured to fight recklessly!
You hit something.
Your bat hits something but does no damage.
Something hits you.
You closely miss something. Your bat misses something. Something hits you.
You miss something.
Your bat hits something but does no damage.
Something hits you.
* * * LOW HITPOINT WARNING * * *
You miss something. Your punch misses something.
Your bat closely misses something.
You hear some strange, mumbled words.
A magic dart appears from out of thin air!
The magic dart hits you!
* * * LOW HITPOINT WARNING * * *
You hit something. Your bat hits something.
Something hits you but does no damage.
Your bat closely misses something.
Casting: Summon Small Mammal (safe; 1% risk of failure)
Confirm with . or Enter, or press ? or * to list all spells.
Your quokka disappears in a puff of smoke!
Your bat barely misses something.
Something hits you.
You die...

#.# #.# #.#.# #.########
#.#.#
.........####.##.#.#####
#.#...##o##.............
.......#r##.#.##......#
#.#...§#o##.#.##r.....#
........o##...##......#
#.####...##...##@.....#
#.####...##...##{b....#
................).......
...............§........
#.###..........§.......#
#.# #....##...####..##.#
.# #...###...# ..# #
#.###... #...# ..#
........ ..... ...


You could see a friendly quokka (summoned) and a friendly bat (summoned).

Vanquished Creatures
  An orc wizard (D:7)
  An adder (D:2)
  A worm (D:2)
  3 dart slugs
  4 orcs (D:7)
  4 ball pythons
  5 bats
  9 endoplasms
  3 giant cockroaches
  3 goblins (D:1)
  8 hobgoblins
  9 jackals
  A quokka (D:1)
  A kobold (D:1)
  4 rats
57 creatures vanquished.

Vanquished Creatures (collateral kills)
  An adder (D:3)
  3 worms
  3 orcs
  2 ball pythons
  An endoplasm (D:2)
  2 goblins
  A jackal (D:1)
  A bat (D:1)
  A frilled lizard (D:1)
15 creatures vanquished.

Grand Total: 72 creatures vanquished

Notes
Turn   | Place    | Note
-------+----------+-------------------------------------------
     0 | D:1      | Getoffmy the Gnoll Wanderer began the quest for the Orb.
     0 | D:1      | Getoffmy set off with the following items: a +1 spear, a
                  | potion of invisibility, a +0 robe; and the following spell
                  | memorised: Summon Small Mammal; and the following spells
                  | available to memorise: Animate Armour, Summon Ice Beast.
     0 | D:1      | Reached XP level 1. HP: 23/23 MP: 4/4
   164 | D:1      | Reached XP level 2. HP: 24/29 MP: 0/5
   419 | D:1      | Reached XP level 3. HP: 31/35 MP: 7/7
   820 | D:1      | Reached skill level 1 in Invocations
  1137 | D:2      | Reached skill level 1 in Short Blades
  1137 | D:2      | Reached skill level 1 in Long Blades
  1137 | D:2      | Reached skill level 1 in Axes
  1137 | D:2      | Reached skill level 1 in Maces & Flails
  1137 | D:2      | Reached skill level 1 in Staves
  1137 | D:2      | Reached skill level 1 in Ranged Weapons
  1137 | D:2      | Reached skill level 1 in Throwing
  1137 | D:2      | Reached skill level 1 in Dodging
  1137 | D:2      | Reached skill level 1 in Stealth
  1137 | D:2      | Reached skill level 1 in Shields
  1137 | D:2      | Reached skill level 1 in Unarmed Combat
  1137 | D:2      | Reached skill level 1 in Evocations
  1375 | D:2      | Reached XP level 4. HP: 31/41 MP: 5/8
  1577 | D:2      | Reached skill level 1 in Shapeshifting
  1948 | D:2      | Reached skill level 1 in Conjurations
  1948 | D:2      | Reached skill level 1 in Hexes
  1948 | D:2      | Reached skill level 1 in Necromancy
  1948 | D:2      | Reached skill level 1 in Translocations
  1948 | D:2      | Reached skill level 1 in Transmutations
  1948 | D:2      | Reached skill level 1 in Fire Magic
  1948 | D:2      | Reached skill level 1 in Ice Magic
  1948 | D:2      | Reached skill level 1 in Air Magic
  1948 | D:2      | Reached skill level 1 in Earth Magic
  1948 | D:2      | Reached skill level 1 in Poison Magic
  2409 | D:3      | You fall into a shaft and drop 3 floors!
  2411 | D:6      | Noticed a scorpion
  2489 | D:6      | Identified the staff "Mipluw" {rPois Int+3 Tmut Poison}
  2739 | D:7      | Reached XP level 5. HP: 26/47 MP: 4/9
  2978 | D:7      | Noticed Joseph
  3075 | D:6      | HP: 1/47 [something/magic dart (11)]
  3077 | D:6      | Slain by an orc wizard

Illustrated notes

Levels and vault maps discovered:
D:1:      nicolae_arrival_washed_ashore, layout_loops_ring, minmay_tromino_v4_a
D:2:      minmay_razor_zed, layout_basic
D:3:      layout_basic, minmay_misc_feat_iff
D:6:      lemuel_insect_pit, layout_basic, serial_glass, glass_columns_a,
          glass_columns_a, serial_shops, nicolae_shop_statue_plus,
          minmay_misc_feat_rows, uniq_grinder, uniq_menkaure
D:7:      lemuel_castle_with_subvaults [lemuel_castle_interior_carwin_3],
          layout_basic, uniq_joseph, uniq_duvessa

Skill      XL: |  1  2  3  4  5 |
---------------+----------------+-----
Invocations    | 1 |  1.6
Short Blades   | 1 |  1.4
Long Blades    | 1 |  1.4
Axes           | 1 |  1.4
Maces & Flails | 1 |  1.4
Staves         | 1 |  1.4
Ranged Weapons | 1 |  1.4
Throwing       | 1 |  1.4
Dodging        | 1 |  1.4
Stealth        | 1 |  1.4
Shields        | 1 |  1.4
Unarmed Combat | 1 |  1.4
Evocations     | 1 |  1.4
Shapeshifting  | 1 |  1.3
Spellcasting   | 3 |  3.1
Conjurations   | 1 |  1.1
Hexes          | 1 |  1.1
Necromancy     | 1 |  1.1
Translocations | 1 |  1.1
Transmutations | 1 |  1.1
Fire Magic     | 1 |  1.1
Ice Magic      | 1 |  1.1
Air Magic      | 1 |  1.1
Earth Magic    | 1 |  1.1
Poison Magic   | 1 |  1.1
Polearms       | 3 |  3.0
Armour         | 3 |  3.0
Fighting       | |  6.7
Summonings     | |  7.2

Action                     |  1- 3 |  4- 6 || total
---------------------------+-------+-------++-------
  Melee: Spear             |   118 |   104 ||   222
         Bite              |     5 |     6 ||    11
         Punch             |     2 |     1 ||     3
         Hand axe          |       |     2 ||     2
   Cast: Summon Small Mamm |    14 |    51 ||    65
   Stab: Sleeping          |     1 |     3 ||     4
         Distracted        |       |     2 ||     2
 Armour: Robe              |    59 |    75 ||   134
  Dodge: Dodged            |    74 |    57 ||   131

Table legend: (Time is in decaauts)
 A = Elapsed time spent in this place.
 B = Non-inter-level travel time spent in this place.
 C = Inter-level travel time spent in this place.
 D = Time resting spent in this place.
 E = Time spent auto-exploring this place.
 F = Levels seen in this place.
 G = Mean time per level.
                   A        B        C        D        E       F      G
               +--------+--------+--------+--------+--------+-----+--------+
         Total |   3069 |   3021 |     48 |    548 |   1705 |   5 |  613.8 |
       Dungeon |   3069 |   3021 |     48 |    548 |   1705 |   5 |  613.8 |
               +--------+--------+--------+--------+--------+-----+--------+

Top non-repeatable levels by time:
     D:2: 1162 daAuts
     D:1: 979 daAuts
     D:7: 534 daAuts
     D:3: 262 daAuts
     D:6: 131 daAuts
